 Dungeon Crawl Stone Soup version 0.25.1-2-g60ff931df9 (webtiles) character file.

Game seed: 4550214251494165141

1680 Luthien the Magician (level 8, -2/48 HPs)
             Began as a Deep Elf Conjurer on Sept 4, 2020.
             Slain by an orc warrior
             ... wielding a +0 war axe
              (27 damage)
             ... on level 5 of the Dungeon.
             The game lasted 00:16:36 (5812 turns).

Luthien the Magician (Deep Elf Conjurer)            Turns: 5812, Time: 00:16:37

Health: -2/48      AC:  4    Str: 11    XL:     8   Next: 70%
Magic:  0/21       EV: 14    Int: 23    God:
Gold:   274        SH:  0    Dex: 15    Spells: 15/22 levels left

rFire    . . .     SeeInvis .   l - +2 dagger (drain)
rCold    . . .     Gourm    .   (no shield)
rNeg     + . .     Faith    .   s - +1 robe {rN+}
rPois    .         Spirit   .   (no helmet)
rElec    .         Reflect  .   (no cloak)
rCorr    +         Harm     .   f - +0 pair of gloves (curse)
MR       .....                  (no boots)
Stlth    ++........             (no amulet)
HPRegen  0.16/turn              g - +6 ring of strength
MPRegen  0.17/turn              x - ring of resist corrosion

@: very slightly contaminated
A: no striking features
a: no special abilities


You were on level 5 of the Dungeon.
You were not hungry.

You visited 1 branch of the dungeon, and saw 6 of its levels.

You collected 274 gold pieces.

Inventory:

Hand Weapons
 d - a +0 short sword
 l - a +2 dagger of draining (weapon)
 E - a +0 hunting sling
Missiles
 i - 23 poisoned darts
 j - 121 stones (quivered)
 q - 55 arrows
 u - 9 javelins
 K - 3 silver boomerangs
Armour
 a - a +0 robe
 f - a cursed +0 pair of gloves (worn)
 o - a +0 leather armour
 s - a +1 robe of positive energy (worn)
 L - +0 steam dragon scales
Magical Staves
 y - an uncursed staff of death
Jewellery
 g - a +6 ring of strength (left hand)
 x - a ring of resist corrosion (right hand)
Wands
 G - a wand of iceblast (5)
 H - a wand of enslavement (6)
Scrolls
 b - a scroll of fog {unknown}
 h - 3 scrolls of enchant weapon {unknown}
 k - a scroll of random uselessness {unknown}
 m - 3 scrolls of teleportation {unknown}
 n - a scroll of amnesia {unknown}
 r - 9 scrolls of identify {unknown}
 z - a scroll of enchant armour {unknown}
 A - 2 scrolls of blinking {unknown}
 B - 4 scrolls of remove curse {unknown}
 F - 2 scrolls of immolation {unknown}
 I - a scroll of noise {unknown}
Potions
 e - 2 potions of resistance {unknown}
 p - 4 potions of curing {unknown}
 t - a potion of flight {unknown}
 v - a potion of might {unknown}
 w - a potion of degeneration {unknown}
 C - a potion of heal wounds {unknown}
 J - a potion of stabbing {unknown}
Comestibles
 c - 9 rations
 D - 5 chunks of flesh


   Skills:
 + Level 4.2 Fighting
 - Level 3.5 Dodging
 - Level 3.6 Stealth
 + Level 7.9 Spellcasting
 + Level 7.6 Conjurations
 - Level 6.0 Hexes


You had 15 spell levels left.
You knew the following spells:

 Your Spells              Type           Power        Failure   Level  Hunger
a - Magic Dart            Conj           ####         1%          1    None
b - Searing Ray           Conj           #####.       1%          2    None
p - Fulminant Prism       Conj/Hex       #####.....   4%          4    ###....

Your spell library contained the following spells:

 Spells                   Type           Power        Failure   Level  Hunger
 Dazzling Flash           Conj/Hex       #####.       1%          3    None
 Iskenderun's Mystic Bla  Conj/Tloc      ####....     14%         4    ###....


Dungeon Overview and Level Annotations

Branches:
Dungeon (6/15)
 Temple: D:4-7

Altars:
Ashenzari
Qazlal
Sif Muna
Yredelemnul

Shops:
D:5 %

Annotations:
D:2 Sigmund
D:5 crystal wall


Message History

You feel a bit more experienced.
You hear a shout!
Unknown command.
Unknown command.
Unknown command.
Unknown command.
There is a stone staircase leading up here.
The orc warrior hits you but does no damage.
You climb upwards.
Level annotation: crystal wall
There is a stone staircase leading down here.
Casting: Fulminant Prism (dangerous; 4% risk of failure)
Confirm with . or Enter, or press ? or * to list all spells.
Aiming: Fulminant Prism (dangerous; 4% risk of failure)
Press: ? - help, Dir - move target cursor You conjure a prism of explosive energy!
A fulminant prism comes into view.
The orc warrior hits you with a +0 war axe!!
Ouch! That really hurt!
You die...

#.# #.##..## #.# #.# #.##..# #.#
#.# #.##..### ##########.##
#.#########.......###.[.<...##..#
...................##)#####.##.#.
#.####...######.#..##.# #.###.#
#.# #..#.....##.#>.##.# #.# #.#
#.# #....###.##.#o.##.# #.###.#
#.# #.#.## #.#..@*.##.# #.##...
#.###.#.####.#.....##.# #.....<
#..............._..##.## ####...
#..####.####...........# ##.#
...# #...........).#.#########.#
#### #.###########.............#
#######.# ###############
........# #########


You could see an orc warrior and a friendly fulminant prism.

Vanquished Creatures
  Maggie (D:6)
  Grinder (D:5)
  Edmund (D:5)
  4 ogres
  A centaur (D:5)
  A bullfrog (D:6)
  A scorpion (D:5)
  2 crimson imps
  A bullfrog zombie (D:5)
  2 orc priests
  A bullfrog skeleton (D:6)
  A hound (D:6)
  An orc wizard (D:4)
  3 iguanas
  Ijyb (D:5)
  2 worker ants
  A hound skeleton (D:5)
  3 adders
  2 shadow imps
  3 adder skeletons
  3 worms (D:5)
  3 dart slugs
  A leopard gecko (D:3)
  7 orcs
  4 ball pythons
  8 giant cockroaches
  9 goblins
  7 hobgoblins
  7 jackals (D:4)
  2 quokkas
  5 bats
  3 frilled lizards
  6 kobolds
  2 leopard gecko skeletons (D:5)
  8 rats
108 creatures vanquished.

Vanquished Creatures (others)
  7 fulminant prisms (D:6)
7 creatures vanquished.

Grand Total: 115 creatures vanquished

Notes
Turn   | Place    | Note
-------+----------+-------------------------------------------
     0 | D:1      | Luthien the Deep Elf Conjurer began the quest for the Orb.
     0 | D:1      | Reached XP level 1. HP: 10/10 MP: 6/6
   160 | D:1      | Reached XP level 2. HP: 10/15 MP: 0/8
   783 | D:1      | Reached XP level 3. HP: 19/19 MP: 7/10
  1111 | D:2      | Noticed Sigmund
  1544 | D:3      | Learned a level 2 spell: Searing Ray
  1571 | D:3      | Found a shattered altar of Ashenzari.
  2585 | D:4      | Reached XP level 4. HP: 24/24 MP: 4/11
  2706 | D:4      | Reached skill level 5 in Conjurations
  2827 | D:4      | Learned a level 4 spell: Fulminant Prism
  2947 | D:4      | Noticed an ogre
  2950 | D:4      | Killed an ogre
  2950 | D:4      | Reached skill level 1 in Fighting
  2950 | D:4      | Reached skill level 1 in Hexes
  2950 | D:4      | Reached XP level 5. HP: 29/29 MP: 9/13
  3578 | D:4      | Reached skill level 5 in Spellcasting
  3578 | D:4      | Reached XP level 6. HP: 34/34 MP: 4/15
  3880 | D:5      | Entered Level 5 of the Dungeon
  3884 | D:5      | Noticed Edmund
  3912 | D:5      | Killed Edmund
  3912 | D:5      | Reached XP level 7. HP: 20/40 MP: 1/17
  4196 | D:5      | Found a stormy altar of Qazlal.
  4256 | D:5      | Noticed Grinder
  4265 | D:5      | Killed Grinder
  4472 | D:5      | Reached skill level 5 in Hexes
  4556 | D:5      | Found Fyddarph's Food Boutique.
  4579 | D:5      | Reached XP level 8. HP: 46/46 MP: 16/20
  4679 | D:5      | Found a basalt altar of Yredelemnul.
  5016 | D:5      | Noticed Ijyb
  5025 | D:5      | Killed Ijyb
  5467 | D:5      | Found a shimmering blue altar of Sif Muna.
  5557 | D:6      | Noticed Maggie
  5564 | D:6      | Killed Maggie
  5812 | D:5      | Slain by an orc warrior

Illustrated notes

Levels and vault maps discovered:
D:1:      sevenhm_arrival_forest_fort_large_2, layout_rooms
D:2:      layout_loops_ring, minmay_misc_feat_ornament, uniq_sigmund
D:3:      layout_loops_ring, nicolae_overflow_hidden_temple
D:4:      layout_layer_cave
D:5:      layout_loops_ring, marbit_many_paths, overflow_temple_1_default,
          first_ration, basic_altar, serial_shops, shop, due_unseen_surprise,
          uniq_edmund, uniq_grinder, uniq_ijyb
D:6:      layout_basic, old_standard_altar, nicolae_overflow_crystal_walls,
          minmay_temple_entry_enclosed_plants, grunt_decor_fettered,
          uniq_prince_ribbit1, uniq_maggie

Skill      XL: |  1  2  3  4  5  6  7  8 |
---------------+-------------------------+-----
Dodging        | 3 |  3.5
Stealth        | 3 |  3.6
Spellcasting   | 4 5 6 7 |  7.9
Conjurations   | 5 6 7 |  7.6
Fighting       | 1 2 3 4 |  4.2
Hexes          | 1 2 3 5 6 |  6.0

Action                   |  1- 3 |  4- 6 |  7- 9 || total
-------------------------+-------+-------+-------++-------
Melee: Short sword       |     5 |       |       ||     5
 Cast: Magic Dart        |    96 |    31 |    40 ||   167
       Searing Ray       |       |    10 |    28 ||    38
       Fulminant Prism   |       |       |     8 ||     8
  Eat: Chunk             |     5 |     4 |     6 ||    15
Armor: Robe              |     1 |       |     4 ||     5
Dodge: Dodged            |    10 |     9 |    20 ||    39
